 Dungeon Crawl Stone Soup version 0.31-a0-233-g139696dc86 (webtiles) character file.

Game seed: 3311867662243104715

8 protoss039 the Digger (level 2, 20/20 HPs)
             Began as a Demonspawn Earth Elementalist on July 9, 2023.
             Got out of the dungeon alive.
             The game lasted 00:00:47 (379 turns).

protoss039 the Digger (DsEE)                         Turns: 379, Time: 00:00:48

Health: 20/20      AC:  4    Str:  8    XL:     2   Next: 0%
Magic:  5/5        EV: 12    Int: 16    God:
Gold:   3          SH:  0    Dex: 13    Spells: 4/5 levels left

rFire   . . .        j - +2 scimitar (freeze)
rCold   . . .        (no shield)
rNeg    . . .        a - +0 robe
rPois   .            (no helmet)
rElec   .            h - scarf {repulsion}
rCorr   .            (no gloves)
SInv    .            (no boots)
Will    .....        (no amulet)
Stlth   ++           (no ring)
HPRegen 0.23/turn    (no ring)
MPRegen 0.09/turn

%: repel missiles
@: no status effects
A: slimy green scales 1
a: no special abilities


You escaped.
You visited 1 branch of the dungeon, and saw 1 of its levels.

You collected 3 gold pieces.

Inventory:

Hand Weapons
 j - a +2 scimitar of freezing (weapon)
Armour
 a - a +0 robe (worn)
 h - a scarf of repulsion (worn)
Scrolls
 c - a scroll of poison {unknown}
 i - a scroll of teleportation {unknown}
Potions
 b - 2 potions of magic
 d - a potion of haste {unknown}
 e - a potion of curing {unknown}
 f - a potion of heal wounds {unknown}
 g - a potion of cancellation {unknown}


   Skills:
 + Level 0.7 Fighting
 - Level 1.7 Dodging
 - Level 1.7 Stealth
 + Level 2.2 Spellcasting
 - Level 0.8 Transmutations
 + Level 2.9 Earth Magic


You had 4 spell levels left.
You knew the following spells:

 Your Spells              Type           Power      Damage    Failure   Level
a - Sandblast             Erth           22%        2d7       6%          1

Your spell library contained the following spells:

 Spells                   Type           Power      Damage    Failure   Level
 Passwall                 Tmut/Erth      5%         N/A       14%         2
 Stone Arrow              Conj/Erth      12%        3d7       32%         3
 Petrify                  Tmut/Erth      7%         N/A       67%         4


Dungeon Overview and Level Annotations

Branches:
Dungeon (1/15) Zot: 5616

Altars:


Innate Abilities, Weirdness & Mutations

You are partially covered in slimy green scales. (AC +2)


Message History

Casting: Sandblast (safe; 6% risk of failure)
Confirm with . or Enter, or press ? or * to list all spells.
Aiming: Sandblast (safe; 6% risk of failure)
Press: ? - help, Shift-Dir - straight line, f - you
Okay, then.
A kobold comes into view. It is wielding a +0 short sword.
Found 5 gold pieces.
The kobold shouts!
You hear an angry hiss.
A kobold is nearby!
A kobold is nearby!
The kobold closely misses you.
A kobold is nearby!
You slash the kobold! You freeze the kobold.
You kill the kobold!
No target in view!
Unknown command.
No target in view!
Unknown command.
Things that are here:
a +0 short sword; a kobold corpse Key pressed, stopping explore.
No target in view!
A frilled lizard comes into view.
The frilled lizard hisses angrily.
A frilled lizard is nearby!
You miss the frilled lizard. The frilled lizard barely misses you.
The frilled lizard bites you.
A frilled lizard is nearby!
You barely miss the frilled lizard. The frilled lizard bites you.
A frilled lizard is nearby!
You hit the frilled lizard. You freeze the frilled lizard.
You kill the frilled lizard!
You have reached level 2!
Your demonic ancestry asserts itself...
Slimy green scales grow over part of your body.
Unknown command.
There is an open door here.
There is a staircase leading out of the dungeon here.
Are you sure you want to leave the Dungeon?
This will make you lose the game!
You have escaped!

##.##+##.#.#
#+###'##.####...###)
#..#...#...#
#.~#~.##......### .
##.+...+.###
#.~~~.#####...#####
...#...#..# #.~8~.#
##........# .#.##'##.##
#.....###..##.###.##
..........#
#♣...♣##..###.###...
.#.#.#.#.## #P♣.♣P#...#
#..####. ..†..###.#
##P.P##...####.##### ..####
#.# #P#@#P#.....##...).# #.##
#.# ##.♣.##.#.#.>.......
#..#####.###
#♣#♣#.##..##.......
##.........# ####......#.....
####......# #.#..#.####.....
#......# #...##.#####....
#......# #####.####.....##...
#......###.........##.#..##..
#..................##.....##.


There were no monsters in sight!

Vanquished Creatures
  An endoplasm (D:1)
  A hobgoblin (D:1)
  2 quokkas (D:1)
  A ball python (D:1)
  A frilled lizard (D:1)
  A kobold (D:1)
  A rat (D:1)
8 creatures vanquished.

Notes
Turn   | Place    | Note
-------+----------+-------------------------------------------
     0 | D:1      | protoss039 the Demonspawn Earth Elementalist began the
                  | quest for the Orb.
     0 | D:1      | Reached XP level 1. HP: 13/13 MP: 3/3
   351 | D:1      | Gained mutation: You are partially covered in slimy green
                  | scales. (AC +2) [demonic ancestry]
   351 | D:1      | Reached XP level 2. HP: 17/20 MP: 5/5
   379 | D:$      | Got out of the dungeon alive.

Illustrated notes

Levels and vault maps discovered:
D:1:      tarquinn_simple_flora_water_d, layout_rooms,
          amcnicky_mini_rare_corridor_liquid, minmay_misc_feat_doors,
          nrook_mini_backslash, chequers_serial_rivers_large_b

Action                     || total
---------------------------++-------
  Melee: Scimitar          ||     7
   Cast: Sandblast         ||     5
  Dodge: Dodged            ||     5

Table legend: (Time is in decaauts)
 A = Elapsed time spent in this place.
 B = Non-inter-level travel time spent in this place.
 C = Inter-level travel time spent in this place.
 D = Time resting spent in this place.
 E = Time spent auto-exploring this place.
 F = Levels seen in this place.
 G = Mean time per level.
                   A        B        C        D        E       F      G
               +--------+--------+--------+--------+--------+-----+--------+
         Total |    383 |    356 |     27 |      0 |    283 |   1 |  383.0 |
       Dungeon |    383 |    356 |     27 |      0 |    283 |   1 |  383.0 |
               +--------+--------+--------+--------+--------+-----+--------+

Top non-repeatable levels by time:
     D:1: 383 daAuts
